 Dungeon Crawl Stone Soup version 0.19-a0-1875-g4fea3da (webtiles) character file.

1545 Amnesiac the Zephyrmancer (level 8, 0/41 HPs)
             Began as a Tengu Air Elementalist on Oct 13, 2016.
             Was an Initiate of Sif Muna.
             Succumbed to a killer bee's poison
             ... on level 7 of the Dungeon.
             The game lasted 00:09:30 (6118 turns).

Amnesiac the Zephyrmancer (Tengu Air Elementalist)  Turns: 6118, Time: 00:09:31

Health: 0/41       AC:  6    Str:  8    XL:     8   Next: 87%
Magic:  9/18       EV: 13    Int: 18    God:    Sif Muna [......]
Gold:   295        SH:  0    Dex: 15    Spells: 4 memorised, 11 levels left

rFire  + + .     SeeInvis .     x - +1 quarterstaff of the Philosopher {crush, +Rage rF++} (curse)
rCold  . . .     Gourm    .     l - +2 robe {MR+}
rNeg   . . .     Faith    .     (shield currently unavailable)
rPois  .         Spirit   .     (helmet restricted)
rElec  .         Dismiss  +     (no cloak)
rCorr  .         Reflect  .     v - +1 pair of gloves
MR     +....     Harm     .     (boots unavailable)
Stlth  ++........               h - amulet of dismissal
                                (no ring)
                                (no ring)

@: lethally poisoned (0 -> -12), repel missiles
A: beak, talons 3, able to fly 1
a: Fly, Renounce Religion, Evoke Berserk Rage


You were on level 7 of the Dungeon.
You worshipped Sif Muna.
Sif Muna was noncommittal.
You were very hungry.

You visited 2 branches of the dungeon, and saw 8 of its levels.

You collected 295 gold pieces.

Inventory:

Hand Weapons
 x - the cursed +1 quarterstaff of the Philosopher (weapon) {crush, +Rage rF++}
   (You took it off an orc on level 6 of the Dungeon)

   It inflicts extra damage upon your enemies.
   It greatly protects you from fire.
   It lets you go berserk.
   It has a curse placed upon it.
Armour
 l - a +2 robe of magic resistance (worn)
 v - a +1 pair of gloves (worn)
Jewellery
 h - an amulet of dismissal (around neck)
Wands
 m - a wand of polymorph (8/24)
 C - a wand of disintegration (19/24)
Scrolls
 a - a scroll of recharging {unknown}
 f - 3 scrolls of fog {unknown}
 j - a scroll of noise {unknown}
 n - 4 scrolls of identify {unknown}
 p - 2 scrolls of teleportation {unknown}
 r - a scroll of blinking {unknown}
 s - 3 scrolls of enchant armour {unknown}
 t - a scroll of magic mapping {unknown}
 u - 3 scrolls of remove curse {unknown}
 A - a scroll of fear {unknown}
Potions
 d - 5 potions of curing {unknown}
 e - a potion of flight {unknown}
 g - 3 potions of brilliance {unknown}
 i - a potion of berserk rage {unknown}
 k - a potion of magic {unknown}
 o - a potion of mutation {unknown}
 w - a potion of haste {unknown}
 D - a potion of might {unknown}
Books
 b - a book of Air

   Spells                             Type                      Level
   a - Shock                          Conjuration/Air              1
   b - Swiftness                      Charms/Air                   2
   c - Repel Missiles                 Charms/Air                   2
   d - Static Discharge               Conjuration/Air              3
   e - Lightning Bolt                 Conjuration/Air              5
 y - a book of Power

   Spells                             Type                      Level
   a - Fulminant Prism                Conjuration/Hexes            4
   b - Iskenderun's Mystic Blast      Conjuration                  4
   c - Venom Bolt                     Conjuration/Poison           5
   d - Bolt of Magma                  Conjuration/Fire/Earth       5
   e - Iron Shot                      Conjuration/Earth            6
   f - Orb of Destruction             Conjuration                  7
   g - Spellforged Servitor           Conjuration/Summoning        7
 z - a book of Flames

   Spells                             Type                      Level
   a - Flame Tongue                   Conjuration/Fire             1
   b - Throw Flame                    Conjuration/Fire             2
   c - Conjure Flame                  Conjuration/Fire             3
   d - Inner Flame                    Hexes/Fire                   3
   e - Sticky Flame                   Conjuration/Fire             4
   f - Fireball                       Conjuration/Fire             5
Comestibles
 c - 9 bread rations
 q - 2 meat rations
 B - 4 fruits
 E - a chunk of flesh


   Skills:
 - Level 2.1 Dodging
 - Level 2.0 Stealth
 + Level 6.0 Spellcasting
 - Level 1.3 Conjurations
 * Level 11.8 Air Magic


You had 11 spell levels left.
You knew the following spells:

 Your Spells              Type           Power        Failure   Level  Hunger
a - Repel Missiles        Chrm/Air       ####..       1%          2    None
f - Static Discharge      Conj/Air       ####....     2%          3    ##.....
w - Swiftness             Chrm/Air       ####....     1%          2    None
z - Shock                 Conj/Air       ####         1%          1    None


Dungeon Overview and Level Annotations

Branches:
Dungeon (7/15)             Temple (1/1) D:4

Altars:
Ashenzari
Cheibriados
Dithmenos
Elyvilon
Fedhas
Gozag
Hepliaklqana
Kikubaaqudgha
Makhleb
Nemelex Xobeh
Okawaru
Qazlal
Ru
Sif Muna
Trog
Uskayaw
Vehumet
Xom
Yredelemnul
Zin
The Shining One


Innate Abilities, Weirdness & Mutations

You have a beak for a mouth.
You have claws for feet.
You can fly.


Message History

You are lethally poisoned!
The killer bee poisons you! The shadow imp misses you.
The killer bee stings you.
* * * LOW HITPOINT WARNING * * *
Unknown command.
Casting: Static Discharge
Confirm with . or Enter, or press ? or * to list all spells.
The killer bee is struck by lightning.
The killer bee is severely wounded.
The lightning grounds out.
The shadow imp is struck by lightning.
You kill the shadow imp!
Sif Muna accepts your kill.
The lightning arcs!
You are struck by lightning.
* * * LOW HITPOINT WARNING * * *
The lightning arcs!
The killer bee is struck by lightning.
The killer bee is almost dead.
The lightning arcs!
You are struck by lightning.
* * * LOW HITPOINT WARNING * * *
The lightning grounds out.
You die...

#.# ##..
... #..##
#...#
###.#.#
#...#y###
#.#...@<#.#
#.........#
#..#.#.##.#
#. #.#..#.#
# ..##.# #
#### .. #..
..# #+#


You could see a killer bee.

Vanquished Creatures
  Duvessa (D:4)
  An ice beast (D:6)
  A phantom (D:4)
  3 ogres
  A centaur (D:5)
  4 scorpions
  Dowan (D:4)
  4 howler monkeys
  A crimson imp (D:5)
  A centaur zombie (D:6)
  4 orc priests
  A hound (D:4)
  An iguana (D:6)
  An orc wizard (D:6)
  3 worker ants (D:4)
  A gnoll (D:1)
  7 adders
  2 shadow imps
  2 oozes (D:1)
  4 worms
  2 dart slugs
  23 orcs
  3 giant cockroaches
  7 hobgoblins
  5 kobolds
  3 quokkas
  2 ball pythons (D:3)
  7 bats
  2 frilled lizards (D:2)
  4 goblins
  A quokka skeleton (D:4)
  A rat (D:1)
104 creatures vanquished.

Notes
Turn   | Place    | Note
-------+----------+-------------------------------------------
     0 | D:1      | Amnesiac the Tengu Air Elementalist began the quest for the Orb.
     0 | D:1      | Reached XP level 1. HP: 10/10 MP: 4/4
   110 | D:2      | Found a sacrificial altar of Ru.
   154 | D:2      | Reached XP level 2. HP: 15/15 MP: 0/6
   227 | D:2      | Learned a level 2 spell: Repel Missiles
   470 | D:4      | Reached skill level 5 in Air Magic
   470 | D:4      | Reached XP level 3. HP: 16/19 MP: 2/8
   475 | D:4      | Learned a level 3 spell: Static Discharge
   548 | D:4      | Reached XP level 4. HP: 21/24 MP: 4/9
   578 | D:4      | Reached skill level 6 in Air Magic
   630 | D:4      | Gained mutation: You can fly. [Tengu growth]
   630 | D:4      | Reached XP level 5. HP: 28/28 MP: 3/10
   634 | D:4      | Learned a level 2 spell: Swiftness
   781 | D:4      | Noticed Duvessa
   797 | D:4      | Noticed Dowan
   818 | D:4      | Killed Dowan
   831 | D:4      | Killed Duvessa
   831 | D:4      | Reached skill level 7 in Air Magic
   831 | D:4      | Reached XP level 6. HP: 31/32 MP: 2/12
  1106 | D:4      | Noticed a phantom
  1138 | D:4      | Killed a phantom
  1138 | D:4      | Reached skill level 8 in Air Magic
  1329 | D:4      | Reached XP level 7. HP: 36/36 MP: 9/14
  1482 | D:4      | Found a staircase to the Ecumenical Temple.
  1487 | Temple   | Entered the Ecumenical Temple
  2095 | D:2      | Found a glowing silver altar of Zin.
  2508 | D:2      | Reached skill level 9 in Air Magic
  3659 | D:5      | Entered Level 5 of the Dungeon
  3689 | D:5      | Reached skill level 5 in Spellcasting
  3790 | D:5      | Reached skill level 10 in Air Magic
  3790 | D:5      | Reached XP level 8. HP: 38/41 MP: 5/16
  4232 | D:6      | Got an ebony quarterstaff {crush}
  4241 | D:6      | Identified the cursed +1 quarterstaff of the Philosopher {crush, +Rage rF++} (You took it off an orc on level 6 of the Dungeon)
  4367 | D:6      | Reached skill level 11 in Air Magic
  4430 | D:6      | Found a deep blue altar of Sif Muna.
  4451 | D:6      | Became a worshipper of Sif Muna the Loreminder
  6118 | D:7      | HP: 2/41 [/static electricity (1)]
  6118 | D:7      | Succumbed to a killer bee's poison

Vault maps used:
D:1:      ncdulo_watergridlock
D:2:      overflow_temple_1_default, zin_academy
D:4:      first_bread, kennysheep_generic_room_15, uniq_duvessa
D:5:      minivault_26, minmay_misc_feat_cross, roderic_roman_lattice
D:6:      basic_altar
D:7:      uniq_crazy_yiuf_cottage
Temple:   compressed_dpeg_circular_temple

Skill      XL: |  1  2  3  4  5  6  7  8 |
---------------+-------------------------+-----
Air Magic      | 5 6 7 8 10 11 | 11.8
Spellcasting   | 3 4 5 6 |  6.0
Dodging        | |  2.1
Stealth        | |  2.0
Conjurations   | |  1.3

Action                   |  1- 3 |  4- 6 |  7- 9 || total
-------------------------+-------+-------+-------++-------
Melee: Unarmed           |       |     6 |       ||     6
       Quarterstaff      |       |       |     5 ||     5
 Cast: Shock             |    32 |    65 |   208 ||   305
       Repel Missiles    |     1 |       |     1 ||     2
       Static Discharge  |       |       |     5 ||     5
  Eat: Chunk             |       |     2 |    13 ||    15
Armor: Robe              |     1 |     1 |    11 ||    13
Dodge: Dodged            |     4 |    13 |    29 ||    46
       Deflected         |       |       |     5 ||     5
